[Event "Chess Ladies Graz 2024"]
[Site "Graz"]
[Date "2024.03.02"]
[Round "8.2"]
[White "Mayrhuber, Nikola"]
[Black "Polterauer, Chiara"]
[Result "1/2-1/2"]
[ECO "A96"]
[WhiteElo "1980"]
[BlackElo "2189"]
[Annotator "RC"]
[PlyCount "34"]
[EventDate "2024.02.25"]
[EventType "tourn"]
[EventCountry "AUT"]
[SourceTitle "playchess.com"]
[Source "ChessBase"]
[SourceQuality "1"]
[TimeControl "40/5400+30:1800+30"]

1. d4 f5 2. c4 e6 3. g3 Nf6 4. Bg2 Be7 5. Nf3 O-O 6. O-O d6 7. Nc3 Ne4 8. Qc2 Nxc3 9. Qxc3 a5 10. b3 Nd7 11. a3 Bf6 12. Bb2 c5 13. Qc2 Ra6 14. dxc5 dxc5 15. Rad1 Bxb2 16. Qxb2 Qc7 17. e4 fxe4 1/2-1/2

[Event "Chess Ladies Graz 2024"]
[Site "Graz"]
[Date "2024.03.02"]
[Round "8.3"]
[White "Brunello, Marina"]
[Black "Trippold, Denise"]
[Result "1/2-1/2"]
[ECO "C00"]
[WhiteElo "2345"]
[BlackElo "2147"]
[Annotator "TA"]
[PlyCount "132"]
[EventDate "2024.02.25"]
[EventType "tourn"]
[EventCountry "AUT"]
[SourceTitle "playchess.com"]
[Source "ChessBase"]
[SourceQuality "1"]
[TimeControl "40/5400+30:1800+30"]

1. e4 e6 2. d3 d5 3. Qe2 Be7 4. Nf3 Nf6 5. g3 c5 6. Bg2 Nc6 7. e5 {[%emt 0:00:15] C00: French: Unusual White 2nd moves.} Nd7 8. O-O b5 9. c3 a5 10. h4 a4 11. Bf4 Ba6 12. Nbd2 h6 $146 ({Predecessor:} 12... Qb8 13. Rfe1 Bd8 14. h5 Ba5 15. Rac1 Ra7 16. Nh4 c4 17. Bxd5 cxd3 18. Qg4 Ne7 19. Qxg7 {½-½ Kandic,M (2109)-Mircov,N (1944) Gibraltar Challengers-B 14th 2016 (1)}) 13. h5 Qa5 14. Rfc1 O-O 15. Nf1 Rfc8 16. Ne3 Qd8 17. Ng4 Bf8 18. Qd2 b4 19. c4 dxc4 20. dxc4 Na5 21. Rd1 Ra7 22. Qc2 Bxc4 23. Qxa4 $2 (23. Bxh6 $1 $11 b3 24. axb3 Bxb3 25. Qe4) 23... Bd5 (23... Rca8 $142 {[%cal Oa5b3] And now ...Nb3! would win.} 24. Qc2 b3 (24... Bd5 25. Rxd5 exd5 26. e6 $16) 25. axb3 Bxb3) 24. Qc2 $17 b3 25. axb3 Qb6 $2 (25... Bxb3 $17 26. Qe2 Bxd1 27. Rxd1 Kh8) 26. Nd2 Rb7 {[%emt 0:04:19] [#]} (26... Bxg2 $11 27. Kxg2 Nc6) 27. Nc4 (27. Bxd5 $1 $16 exd5 28. b4) 27... Qxb3 $11 28. Qxb3 Nxb3 29. Ra6 Nd4 30. Nge3 Bxg2 31. Kxg2 Nc6 32. g4 Nb4 33. Ra5 Nc6 34. Ra6 Nb4 35. Ra3 Nb6 36. Nxb6 Rxb6 37. Nc4 Rb7 38. Be3 Nd5 39. Kf3 Rcb8 40. Ra5 Rb4 41. Rc1 Rb3 42. Ra7 Be7 43. Rca1 f6 44. R1a6 R3b4 45. b3 Rxb3 46. Rxe6 R3b7 (46... Bf8 $14) 47. Rxb7 $16 Rxb7 48. Rc6 ({Better is} 48. Ke4 $16 Nxe3 49. fxe3 (49. Nxe3 fxe5 50. Nc4 Bf6 $14)) 48... Rb4 $14 49. exf6 $1 Nxf6 (49... gxf6 $14 50. Nd2 Nxe3 51. fxe3 Kf7) 50. Ne5 $16 (50. Bxc5 $2 {loses.} Rxc4 51. Bxe7 Rxc6 $19) 50... Rb8 51. Ng6 Kf7 52. Ne5+ $2 ({But not} 52. Bxc5 $6 Bxc5 53. Rxc5 Kg8 $16) (52. Rc7 $18 Nd5 53. Rd7) 52... Ke8 (52... Kg8 $1 $11 {remains equal.}) 53. Bxc5 Bxc5 54. Rxc5 Rb7 55. Ra5 Ke7 {[%emt 0:00:28] [#]} 56. Ra7 ({White should try} 56. Kf4 $3 $16 ) 56... Rxa7 $11 57. Nc6+ Kf7 58. Nxa7 g6 59. hxg6+ Kxg6 60. Nc6 h5 61. Ne5+ Kg5 62. gxh5 Nxh5 63. Nf7+ Kf5 64. Nd6+ Ke6 65. Ne4 Ke5 66. Ng3 Nf6 1/2-1/2

[Event "Chess Ladies Graz 2024"]
[Site "Graz"]
[Date "2024.03.02"]
[Round "8.4"]
[White "Atalik, Ekaterina"]
[Black "Mkrtchian, Lilit"]
[Result "1-0"]
[ECO "A90"]
[WhiteElo "2405"]
[BlackElo "2378"]
[Annotator "TA"]
[PlyCount "89"]
[EventDate "2024.02.25"]
[EventType "tourn"]
[EventCountry "AUT"]
[SourceTitle "playchess.com"]
[Source "ChessBase"]
[SourceQuality "1"]
[TimeControl "40/5400+30:1800+30"]

1. d4 e6 2. c4 f5 3. g3 Nf6 4. Bg2 d5 5. Nh3 Bd6 6. Bf4 Be7 7. O-O O-O 8. Qc2 {[%emt 0:01:23] White is slightly better.} Nc6 9. Rd1 Nb4 10. Qc1 a5 11. a3 Nc6 12. Nc3 dxc4 $2 (12... a4 $14) 13. d5 $18 Na7 14. dxe6 Qe8 15. Bxc7 Nb5 16. Nxb5 Qxb5 17. Bd6 (17. Nf4 $2 Qc5 18. Rd5 Qxc7 $19) 17... Bxd6 18. Rxd6 Ra6 19. Rd4 Bxe6 20. Ng5 Rb6 21. a4 Qe5 22. e3 h6 23. Nxe6 Qxe6 24. Rxc4 Rxb2 25. Qxb2 Qxc4 26. Qxb7 Rd8 (26... Rc8 {was worth a try.} 27. Bf1 Qc6 28. Qxc6 Rxc6) 27. Qb6 Rd2 28. Qxa5 Qc2 29. Rf1 Ng4 $2 (29... Kh7 30. h3 Qd3) 30. Qa8+ $2 (30. Bd5+ Kh7 31. Be6 Nxe3 32. Qa8 (32. fxe3 $2 Rg2+ 33. Kh1 Rxh2+ 34. Kg1 Qg2#) (32. Qe5 Rxf2 33. Bxf5+ Qxf5 $17)) 30... Kh7 31. Qf3 Ne5 (31... Qc5 $142 32. h3 Nf6) 32. Qf4 Ng6 33. Qb4 Ne5 34. Bh3 $2 (34. a5 $18) 34... Nf3+ $16 {[%emt 0:00:43] [#]} 35. Kg2 (35. Kh1 $1 $16 {Qf4 would now be deadly.} Ng5 36. Bg2 (36. Bxf5+ $2 Qxf5 37. Qb1 Qxb1 $19) 36... Rxf2 37. Rxf2 Qxf2 38. Qb1) 35... Ng5 $11 36. Qf4 (36. Bxf5+ $2 Qxf5 37. Qb7 (37. Qxd2 $2 Qf3+ 38. Kg1 Nh3#) 37... Rb2 $19) 36... Qc6+ $2 {[%emt 0:00:15] [#]} (36... Nxh3 $11 {and Black is okay.} 37. Kxh3 g5) 37. e4 $1 $18 fxe4 {[%emt 0:00:38][%cal Bf5e4,Be4e3,Be3e2][%mdl 32] ( -> ...e3+)} (37... Qxe4+ 38. Qxe4) 38. Bf5+ (38. Qxd2 $2 e3+ (38... Qxa4 $2 39. Qd7 $18) 39. f3 exd2 $19) 38... g6 39. Qxd2 {[%emt 0:00:25] aiming for Rc1.} e3+ {[%emt 0:00:09] [#]} 40. Be4 $1 Nxe4 41. Qc1 (41. Qxe3 Nd2+ 42. f3 (42. Kg1 Nf3+ 43. Kh1 Nd2+ 44. f3 Nxf1 $11) 42... Nxf1 43. Kxf1 Qxa4 $14) 41... Nc3+ $2 (41... Qb7 42. fxe3 (42. Qxe3 Nd2+ 43. f3 Nxf1 $14) 42... Nd2+ 43. Kg1 Nxf1) 42. f3 {[%emt 0:00:00] Black must now prevent Re1. White is clearly winning.} e2 43. Re1 Qc4 44. Qe3 h5 45. a5 {[%emt 0:00:00] Weighted Error Value: White=0.38/Black=0.35.  Loses game:     	---       	Black=2      Missed win:     	White=1     	---        Mistake:       	White=2     	Black=4      Inaccurate:     	---       	Black=2      OK:         	White=11    	Black=14     Best:        	White=7     	Black=6      Brilliant:      	White=2     	---} 1-0

[Event "Chess Ladies Graz 2024"]
[Site "Graz"]
[Date "2024.03.02"]
[Round "8.5"]
[White "Froewis, Annika"]
[Black "Schloffer, Jasmin-Denise"]
[Result "1-0"]
[ECO "B15"]
[WhiteElo "2133"]
[BlackElo "2178"]
[Annotator "RC"]
[PlyCount "67"]
[EventDate "2024.02.25"]
[EventType "tourn"]
[EventCountry "AUT"]
[SourceTitle "playchess.com"]
[Source "ChessBase"]
[SourceQuality "1"]
[TimeControl "40/5400+30:1800+30"]

1. e4 c6 2. Nc3 d5 3. d4 dxe4 4. Nxe4 Nf6 5. Nxf6+ exf6 6. c3 Bd6 7. Bd3 O-O 8. Qc2 Re8+ 9. Ne2 h5 10. O-O h4 11. h3 Nd7 12. Be3 Nf8 13. Rad1 Be6 14. c4 Bc7 15. Rfe1 g5 16. Qc1 Qd6 17. f4 g4 18. d5 cxd5 19. c5 Qe7 20. Nd4 gxh3 21. gxh3 Bxh3 22. Kh2 Bd7 23. Bf2 Be6 24. Bxh4 Qd8 25. Kh1 Qb8 26. Rg1+ Ng6 27. Bxg6 fxg6 28. Qc2 Bf7 29. Rxg6+ Kf8 30. Rxf6 Qc8 31. Rxf7+ Kxf7 32. Qh7+ Kf8 33. Qh8+ Kf7 34. Qf6+ 1-0

[Event "Chess Ladies Graz 2024"]
[Site "Graz"]
[Date "2024.03.03"]
[Round "9.1"]
[White "Schloffer, Jasmin-Denise"]
[Black "Daulyte-Cornette, Deimante"]
[Result "0-1"]
[ECO "D36"]
[WhiteElo "2178"]
[BlackElo "2372"]
[Annotator "TA"]
[PlyCount "72"]
[EventDate "2024.02.25"]
[EventType "tourn"]
[EventCountry "AUT"]
[SourceTitle "playchess.com"]
[Source "ChessBase"]
[SourceQuality "1"]
[TimeControl "40/5400+30:1800+30"]

1. d4 Nf6 2. c4 e6 3. Nc3 d5 4. cxd5 exd5 5. Bg5 c6 6. e3 h6 7. Bh4 Be7 8. Qc2 O-O 9. Bd3 Re8 10. Nge2 a5 11. f3 Na6 12. a3 {[%emt 0:01:24] Pariert Nb4.} c5 {[%emt 0:00:46] Die Stellung ist ausgeglichen.} 13. O-O Nc7 14. Bf2 (14. dxc5 $11 Bxc5 15. Nd1) 14... c4 $15 15. Bf5 b5 16. Kh1 ({Günstiger ist} 16. Bxc8 $15 Rxc8 (16... Qxc8 17. e4 $17) 17. e4) 16... Bxf5 17. Qxf5 b4 18. Nb1 Ne6 19. Nd2 Rc8 $36 {[%emt 0:19:44][%mdl 2048] Läuft bei Schwarz.} 20. Qc2 Ng5 21. Rfe1 Bd6 22. Nf1 Qb6 23. Nfg3 g6 24. a4 ({Vorzuziehen ist} 24. h4 $15 Ne6 25. axb4 axb4 26. h5) 24... h5 {[%emt 0:05:35] Schwarz hat aktiveres Spiel.} 25. Nf4 b3 26. Qb1 {[%emt 0:01:16] [#]} (26. Qd1 $17) 26... c3 $1 $19 27. bxc3 Rxc3 {[%emt 0:00:05][%cal Og5f3] ...Nxf3! wäre nun fies.} 28. Nd3 Rc2 $2 (28... Qa6 $19 29. Rd1 Qc4) 29. Ne2 $2 {[%emt 0:04:40] Weiss ist schwach auf den weissen Feldern. Verliert die Partie.} ({Weiss kommt nicht vorbei an} 29. Re2 $1 $15 Rec8 30. Nc5) 29... Ne6 30. Qd1 Bb4 31. Rb1 Bxe1 32. Qxc2 $2 (32. Bxe1 Rec8 33. Bd2) 32... bxc2 {[%emt 0:00:12] Schwarz steht klar auf Gewinn.} 33. Rxb6 {[%emt 0:00:05] [#]} Bxf2 $1 34. Nxf2 {[%emt 0:00:05] [#]} Nxd4 $1 35. Nc1 (35. Rb2 Rxe3) 35... Rxe3 36. Nfd3 {[%emt 0:00:05] [#] Verhindert Re1+} Ne2 $1 {[%emt 0:01:01] Gewichteter Fehlerwert: Weiß=0.97/Schwarz=0.22 (präzise) .  Verlustzug:     	Weiß=1     	---        Gewinn verpasst:   	---       	Schwarz=1     Fehler:       	Weiß=5     	---        Ungenau:       	Weiß=2     	Schwarz=1     OK:         	Weiß=6     	Schwarz=8     Bester:       	---       	Schwarz=2} 0-1

[Event "Chess Ladies Graz 2024"]
[Site "Graz"]
[Date "2024.03.03"]
[Round "9.2"]
[White "Mkrtchian, Lilit"]
[Black "Froewis, Annika"]
[Result "1-0"]
[ECO "D36"]
[WhiteElo "2378"]
[BlackElo "2133"]
[Annotator "TA"]
[PlyCount "83"]
[EventDate "2024.02.25"]
[EventType "tourn"]
[EventCountry "AUT"]
[SourceTitle "playchess.com"]
[Source "ChessBase"]
[SourceQuality "1"]
[TimeControl "40/5400+30:1800+30"]

1. d4 Nf6 2. c4 e6 3. Nc3 d5 4. cxd5 exd5 5. Bg5 Be7 6. e3 c6 7. Bd3 Nbd7 8. h3 O-O 9. Qc2 Re8 10. Nf3 Nf8 11. O-O Nh5 12. Bxe7 Qxe7 13. Rab1 a5 14. a3 Nf6 15. b4 axb4 {[%emt 0:00:32] White is slightly better.} 16. axb4 N8d7 17. Rfc1 b5 18. Nd2 (18. Re1 $14 {might be stronger.}) 18... Bb7 19. Nb3 Nb6 20. Nc5 g6 21. e4 dxe4 22. N3xe4 Nxe4 23. Bxe4 Nc4 24. Ra1 Rxa1 25. Rxa1 Ba8 (25... Qc7 $14) 26. Qc3 {[%emt 0:04:35] White is more active.} Rd8 27. Bf3 Qf6 {[%emt 0:02:12] This costs Black the game.} (27... Re8 $16 {was necessary.} 28. Ra6 h6) 28. Ra6 {[%emt 0:03:47] aiming for Qa1.} Qd6 (28... Re8 $142 29. Ne4 Qh8) 29. Qa1 $18 Qb8 30. Nd7 Qd6 (30... Rxd7 $2 {loses.} 31. Rxa8 Rd8 32. Rxb8 $18) 31. Rxa8 Qxd7 {[%emt 0:00:07] [#]} 32. Bxc6 Qc7 (32... Qd6 33. Bxb5) 33. Bxb5 Nd6 34. Rxd8+ Qxd8 {[%emt 0:00:02][%mdl 4096] Endgame. KQB-KQN} 35. Bc6 Qf6 36. b5 Nc4 37. Qc3 Qe6 38. Bf3 Nd6 (38... Nb6 $142 39. Qc6 Kg7 40. Qxe6 fxe6) 39. b6 Nb5 40. Qc5 Qe1+ 41. Kh2 Nc3 42. b7 {[%emt 0:00:00] Weighted Error Value: White=0.15 (very precise) /Black=0.53.  Mistake:       	White=1     	Black=4      Inaccurate:     	White=1     	Black=3      OK:         	White=12    	Black=5      Brilliant:      	White=1     	---} 1-0

[Event "Chess Ladies Graz 2024"]
[Site "Graz"]
[Date "2024.03.03"]
[Round "9.3"]
[White "Trippold, Denise"]
[Black "Atalik, Ekaterina"]
[Result "0-1"]
[ECO "D41"]
[WhiteElo "2147"]
[BlackElo "2405"]
[Annotator "TA"]
[PlyCount "114"]
[EventDate "2024.02.25"]
[EventType "tourn"]
[EventCountry "AUT"]
[SourceTitle "playchess.com"]
[Source "ChessBase"]
[SourceQuality "1"]
[TimeControl "40/5400+30:1800+30"]

1. Nf3 d5 2. e3 Nf6 3. c4 c5 4. cxd5 Nxd5 5. Nc3 Nxc3 6. bxc3 e6 7. d4 Nc6 8. Be2 Be7 9. O-O O-O 10. e4 Qc7 11. Be3 Rd8 12. Qc2 b6 13. Rfd1 Bb7 (13... Bd7 $11) 14. d5 $1 $14 exd5 15. exd5 Ne5 16. c4 (16. Nxe5 {with more complications.} Qxe5 17. c4 Bd6 18. g3) 16... Nxf3+ 17. Bxf3 Bd6 18. g3 Re8 19. Bd2 Bc8 20. Bc3 Bh3 21. a4 Qd7 22. Qb2 (22. Be2 $14) 22... Bg4 $11 23. Bxg4 $1 Qxg4 24. Re1 Qxc4 25. Bxg7 Qb4 (25... Rxe1+ 26. Rxe1 Qxa4 27. Bh6 $18) (25... Qxd5 {is interesting.} 26. a5 Qc6 27. Bh6 Bf8) 26. Bc3 Qxb2 27. Bxb2 a6 28. f4 Rxe1+ 29. Rxe1 b5 30. Be5 Bxe5 31. fxe5 b4 32. Kf2 c4 (32... Kf8 $15) 33. Ke3 (33. Re4 $1 $11 {was the only way to keep the balance.}) 33... c3 $17 34. Kd3 {[%emt 0:01:27] [#]} a5 $1 35. Kc4 Rc8+ 36. Kb3 Kf8 37. g4 Ke7 38. g5 Rc5 (38... Ke8 $19 39. h4 Rc5) 39. d6+ $2 (39. Rd1 $17) 39... Kd7 $19 40. Kc2 Rd5 41. Re2 Rd4 42. Rf2 Ke6 43. Re2 Rf4 44. Kb3 Rf1 45. h4 (45. Kc2 $142) 45... Rb1+ $19 46. Ka2 Rh1 47. Kb3 Rxh4 48. Rf2 Rd4 49. Rf6+ Kxe5 50. Rxf7 Rxd6 51. Rxh7 Rc6 52. Rh1 Kf5 53. Rg1 Kg6 54. Rd1 Kxg5 (54... c2 $142 55. Rc1 Kxg5 (55... Rc3+ $2 56. Kb2 $19) 56. Rxc2 Rxc2 57. Kxc2 Kf4 58. Kd3 Kf3 59. Kd2 Ke4 60. Kc2 Kd4 61. Kb3 Kd3 62. Kb2 Kc4 63. Ka2 Kc3 64. Kb1 b3 (64... Kb3 {is a self mate.} 65. Kc1 Kxa4 66. Kc2 b3+ 67. Kc3 Ka3 68. Kd3 Kb4 69. Ke4 b2 70. Ke3 a4 71. Kf3 a3 72. Kg3 a2 73. Kh2 b1=Q 74. Kg2 a1=Q 75. Kg3 Qg1+ 76. Kf3 Qad4 77. Ke2 Qgf2#) 65. Kc1 Kb4 66. Kb2 Kxa4 67. Kc3 Ka3 68. Kd4 Kb4 (68... b2 69. Ke3 b1=Q 70. Kf4 Kb4 71. Kf3 a4 72. Kg4 Qe4+ 73. Kh3 a3 74. Kg3 a2 75. Kf2 Qf4+ 76. Ke2 a1=Q 77. Kd3 Qd1#) 69. Ke4 a4 (69... b2 70. Kf4 a4 71. Kg5 a3 72. Kf4 a2 73. Kg5 b1=Q 74. Kg4 a1=Q 75. Kg5 Qe5+ 76. Kh6 Qh1+ 77. Kg6 Qhh5#) 70. Kf5 b2 71. Kg5 a3 (71... b1=B {leads to mate.} 72. Kh6 a3 73. Kg5 a2 74. Kh5 a1=Q 75. Kg4 Qe5 76. Kf3 Bd3 77. Kg4 Be4 78. Kh4 Qf4+ 79. Kh5 Qg3 80. Kh6 Qg6#) 72. Kh6 a2 (72... b1=B 73. Kg5 a2 74. Kf4 a1=Q 75. Kg4 Qe5 76. Kf3 Bd3 77. Kg4 Be4 78. Kh4 Qf4+ 79. Kh5 Qg3 80. Kh6 Qg6#) (72... b1=Q 73. Kg7 a2 74. Kf6 a1=Q+ 75. Ke7 Qg7+ 76. Kd8 Qbh7 77. Ke8 Qhh8#) 73. Kg7 b1=Q (73... b1=R 74. Kf7 a1=Q 75. Ke6 Re1+ 76. Kf5 Qe5+ 77. Kg4 Rf1 78. Kh4 Rg1 79. Kh3 Qh8#) 74. Kf7 Qe4 (74... a1=B 75. Ke7 Qf5 76. Kd6 Be5+ 77. Kc6 Qe6+ 78. Kb7 Kb5 79. Ka8 Qa6#) 75. Kg8 a1=Q (75... a1=B 76. Kf7 Kc5 77. Kf8 Kd6 78. Kf7 Qh7+ 79. Kf8 Qg7+ 80. Ke8 Qg8#) 76. Kf8 Qh8+ 77. Kf7 Qee8#) 55. Rf1 Rd6 56. Rf2 Rd1 (56... Rd2 $142 57. Rf1 Rb2+ 58. Kc4 c2 59. Rg1+ Kf4 60. Rf1+ Ke3) 57. Ka2 Rd2+ 0-1

[Event "Chess Ladies Graz 2024"]
[Site "Graz"]
[Date "2024.03.03"]
[Round "9.4"]
[White "Polterauer, Chiara"]
[Black "Brunello, Marina"]
[Result "0-1"]
[ECO "B12"]
[WhiteElo "2189"]
[BlackElo "2345"]
[Annotator "TA"]
[PlyCount "82"]
[EventDate "2024.02.25"]
[EventType "tourn"]
[EventCountry "AUT"]
[SourceTitle "playchess.com"]
[Source "ChessBase"]
[SourceQuality "1"]
[TimeControl "40/5400+30:1800+30"]

1. e4 c6 2. d4 d5 3. e5 Bf5 4. h4 h5 5. Bg5 Qb6 6. Bd3 Bxd3 7. Qxd3 e6 (7... Qxb2 $17 8. Qb3 Qxb3 (8... Qxa1 $2 9. Qxb7 Kd8 10. Nf3 $18) 9. axb3 e6) 8. Nd2 $11 {[%emt 0:01:02] The position is equal.} c5 9. c4 Qxb2 10. Rb1 Qxd4 11. Qxd4 cxd4 12. Ngf3 Nd7 13. O-O (13. Rxb7 f6 14. Nxd4 Nc5 $15) 13... Ne7 14. Rxb7 f6 15. exf6 (15. Nxd4 $5 fxg5 16. Nxe6 $11) 15... gxf6 16. Nxd4 $1 fxg5 17. Nxe6 {[%emt 0:01:08] [#] Hoping for Nc7+.} Rb8 18. Rxa7 Nc8 19. Ra6 (19. Rc7 $2 Bd6 20. Ng7+ Kd8 $19) 19... Rb2 20. Nf3 g4 21. Nfg5 {[%emt 0:01:49] Nc7+ would now be deadly.} dxc4 {[%emt 0:01:06] ...Ndb6 is the strong threat.} 22. Rc6 (22. Ra8 $2 Ndb6 23. Rb8 c3 $19 (23... Rxa2 24. Rd1 $15)) 22... Ndb6 23. Rc7 $1 {[%emt 0:07:32] [#] Strongly threatening Rd1.} Be7 ({Don't play} 23... Rxa2 $6 24. Nxf8 Ra7 (24... Kxf8 $2 {too greedy.} 25. Ne6+ Ke8 26. Rd1 $18) (24... Rxf8 $2 {is the wrong capture.} 25. Re1+ Kd8 26. Ne6+ Ke8 27. Rd1 $18) 25. Rxa7 Nxa7 26. Ng6 $16) 24. a4 Ra2 25. Re1 Rxa4 26. Ng7+ Kf8 27. Nf5 Bxg5 28. hxg5 {[%emt 0:00:04] Intending g6 and mate.} (28. Re8+ $5 Kxe8 29. Ng7+ Kf8 30. Ne6+ Ke8 31. Ng7+ Kf8 32. Ne6+ Ke8 33. Ng7+ $11) 28... Ra7 $1 29. Rc6 Rf7 30. Ne3 {[%emt 0:00:25] Now White is beyond hope.} ({White should try} 30. Re5 $15) 30... Kg7 $19 31. Rc1 Rd8 32. Rc2 Rd6 33. Rc5 Kg6 {[%emt 0:00:12][%cal Og4g3] Repels Nf5} 34. g3 Ne7 {[%emt 0:01:02] aiming for ...Nf5.} 35. Ng2 (35. Nxc4 $142 Nxc4 36. R5xc4) 35... Ned5 {[%emt 0:02:03] Black is clearly winning.} 36. Re2 Kxg5 37. Nf4 Rxf4 38. gxf4+ Kxf4 39. Ra5 Rc6 {[%emt 0:00:42] White must now prevent ...c3.} 40. Ra7 c3 {[%emt 0:00:19] Threatens to win with ...c2.} 41. Rf7+ Nf6 {[%emt 0:04:08] Weighted Error Value: White=0.58/Black=0.07 (flawless) .  Loses game:     	White=1     	---        Mistake:       	White=1     	Black=1      Inaccurate:     	White=1     	Black=1      OK:         	White=12    	Black=15     Best:        	---       	Black=3      Strong:       	White=2     	Black=1} 0-1

[Event "Chess Ladies Graz 2024"]
[Site "Graz"]
[Date "2024.03.03"]
[Round "9.5"]
[White "Bodnaruk, Anastasia"]
[Black "Mayrhuber, Nikola"]
[Result "1-0"]
[ECO "B90"]
[WhiteElo "2340"]
[BlackElo "1980"]
[Annotator "RC"]
[PlyCount "109"]
[EventDate "2024.02.25"]
[EventType "tourn"]
[EventCountry "AUT"]
[SourceTitle "playchess.com"]
[Source "ChessBase"]
[SourceQuality "1"]
[TimeControl "40/5400+30:1800+30"]

1. e4 c5 2. Nf3 d6 3. d4 cxd4 4. Nxd4 Nf6 5. Nc3 a6 6. Nb3 e6 7. g4 b5 8. g5 b4 9. Nd5 Nxe4 10. Be3 Nc5 11. Nxb4 Bb7 12. Rg1 Nbd7 13. Nd3 Nxd3+ 14. Bxd3 Ne5 15. Be2 Rc8 16. f4 Nc4 17. Bxc4 Rxc4 18. Bd4 Qc7 19. c3 h6 20. Qe2 hxg5 21. Rxg5 f6 22. Rg4 Kf7 23. O-O-O a5 24. Kb1 a4 25. Nd2 Rc6 26. Rdg1 e5 27. Qg2 Ke8 28. Qe2 Ba6 29. c4 Rxc4 30. Nxc4 Qxc4 31. Qxc4 Bxc4 32. fxe5 dxe5 33. Bc3 Bd3+ 34. Kc1 Rxh2 35. Rxa4 Bc5 36. Rg3 e4 37. Bd4 Rc2+ 38. Kd1 g5 39. Bxc5 Rxc5 40. Ra7 Rd5 41. a4 Bb5+ 42. Ke1 Bd7 43. b4 Kd8 44. b5 Rd4 45. Rb3 Kc8 46. b6 Kb8 47. a5 Be6 48. Rb2 Rd8 49. a6 Bc4 50. Rb7+ Ka8 51. Rc7 Bxa6 52. Ra7+ Kb8 53. Rxa6 Kb7 54. Ra7+ Kc6 55. Rc7+ 1-0